 Seeded DCSS version 0.27-a0-562-g0d39f094a4 (webtiles) character file.

Game seed: 16989952797484863983 (custom seed)

48 karrick the Skirmisher (level 3, 0/29 HPs)
             Began as a Demonspawn Abyssal Knight on Mar 8, 2021.
             Was a Believer of Lugonu.
             Slain by a hobgoblin
             ... wielding a +0 club
             ... led by Robin
              (2 damage)
             ... on level 1 of the Dungeon.
             The game lasted 00:01:58 (1601 turns).

karrick the Skirmisher (Demonspawn Abyssal Knight)  Turns: 1601, Time: 00:01:59

Health: 0/29       AC:  4    Str: 13    XL:     3   Next: 50%
Magic:  5/5        EV: 11    Int: 13    God:    Lugonu [**....]
Gold:   56         SH:  4    Dex: 12    Spells: 2/2 levels left

rFire    . . .     SeeInvis .   a - +1 hand axe
rCold    . . .     Faith    .   (no shield)
rNeg     . . .     Spirit   .   b - +0 leather armour
rPois    .         Reflect  .   (no helmet)
rElec    .         Harm     .   e - +0 cloak
rCorr    .         Rampage  .   (no gloves)
Will     .....                  (no boots)
Stlth    +.........             (no amulet)
HPRegen  0.09/turn              (no ring)
MPRegen  0.09/turn              (no ring)

@: lethally poisoned (0 -> -6)
A: condensation shield
a: Renounce Religion, Depart the Abyss, Bend Space


You were on level 1 of the Dungeon.
You worshipped Lugonu.
Lugonu was pleased with you.
You visited 1 branch of the dungeon, and saw 2 of its levels.
You visited the Abyss 1 time.

You collected 56 gold pieces.

Inventory:

Hand Weapons
 a - a +1 hand axe (weapon)
Armour
 b - a +0 leather armour (worn)
 e - a +0 cloak (worn)
Scrolls
 c - 2 scrolls of immolation {unknown}
 d - 2 scrolls of enchant weapon {unknown}


   Skills:
 + Level 3.6 Fighting
 + Level 2.5 Axes
 + Level 2.0 Armour
 + Level 0.8 Dodging
 + Level 0.1 Shields
 * Level 3.0 Invocations


You had 2 spell levels left.
You didn't know any spells.
Your spell library was empty.

Dungeon Overview and Level Annotations

Branches:
Dungeon (2/15)

Altars:
Nemelex Xobeh

Annotations:
D:2 Jessica, Robin


Innate Abilities, Weirdness & Mutations

A meltable shield of frost defends you. (SH +4)


Message History

The adder is severely wounded.
You barely miss the hobgoblin. You hit the goblin.
You kill the goblin!
Lugonu accepts your kill.
You feel sick. The adder bites you. x2
The hobgoblin hits you but does no damage.
The hobgoblin barely misses you.
Things that are here:
a +0 club; a goblin corpse; a hobgoblin corpse The adder bites you.
* * * LOW HITPOINT WARNING * * *
You are lethally poisoned!
The adder poisons you!
* * * LOW HITPOINT WARNING * * *
You feel sick.
You slash the adder!
You kill the adder!
Lugonu accepts your kill.
* * * LOW HITPOINT WARNING * * *
You feel sick.
Unknown command.
You aren't carrying any potions.
You closely miss the hobgoblin.
The hobgoblin is heavily wounded.
The hobgoblin hits you with a +0 club.
* * * LOW HITPOINT WARNING * * *
You aren't carrying any potions.
You closely miss the hobgoblin.
The hobgoblin is heavily wounded.
* * * LOW HITPOINT WARNING * * *
You feel sick.
The hobgoblin hits you but does no damage.
You barely miss the hobgoblin.
The hobgoblin is heavily wounded.
* * * LOW HITPOINT WARNING * * *
You feel sick. You block the hobgoblin's attack.
You barely miss the hobgoblin.
The hobgoblin is heavily wounded.
The hobgoblin hits you with a +0 club.
You die...

#..# ### #.## # #.# ###
#.####.. ###.##.... #####
#..).#.... ###...##
#....#....
##...#..###########....#####
#...###...g@................
##..#####..#############.#.##
#..###.#'#.)>).............#
#.###._.###†)).#########...#
#..###.#+#...#...#### #...#
##..#####...........## #.#.#
#...###.............# #.#.##
#.#..#......P....♣♣♣♣♣♣.#..#
#.##.....♣P........)....#..#


You could see a hobgoblin.

Vanquished Creatures
  An adder (D:1)
  2 dart slugs (D:1)
  2 leopard geckos (D:1)
  A giant cockroach (D:1)
  10 goblins (D:1)
  4 hobgoblins (D:1)
  2 jackals (D:1)
  A bat (D:1)
  2 frilled lizards (D:1)
  A kobold (D:1)
  5 rats (D:1)
31 creatures vanquished.

Vanquished Creatures (others)
  A plant (D:1)
1 creature vanquished.

Grand Total: 32 creatures vanquished

Notes
Turn   | Place    | Note
-------+----------+-------------------------------------------
     0 | Abyss:1  | karrick the Demonspawn Abyssal Knight began the quest for
                  | the Orb.
     0 | Abyss:1  | Reached XP level 1. HP: 18/18 MP: 2/2
    29 | D:1      | Escaped the Abyss
   497 | D:1      | Gained mutation: A meltable shield of frost defends you.
                  | (SH +4) [demonic ancestry]
   497 | D:1      | Reached XP level 2. HP: 24/24 MP: 3/3
  1110 | D:1      | Found a sparkling altar of Nemelex Xobeh.
  1403 | D:2      | Noticed Jessica
  1403 | D:2      | Noticed Robin
  1409 | D:1      | Reached XP level 3. HP: 24/29 MP: 5/5
  1480 | D:1      | Reached ** piety under Lugonu
  1600 | D:1      | HP: 1/29 [poisoned by an adder]
  1601 | D:1      | Slain by a hobgoblin

Illustrated notes

Levels and vault maps discovered:
D:1:      nzn_arrival_depleted_hourglass, layout_basic, serial_forest,
          infiniplex_forest_straight_2, infiniplex_forest_lined_room_2,
          infiniplex_forest_clump_medium, infiniplex_forest_end_2,
          infiniplex_forest_diagonal, infiniplex_forest_end_double,
          infiniplex_forest_join, infiniplex_forest_corner_2, roderic_lattice_a,
          nemelex_diamond_rough_becter
D:2:      layout_basic, chequers_ecumenical_altar_simple_redux, minivault_19,
          uniq_natasha, uniq_jessica, uniq_robin

Skill      XL: |  1  2  3 |
---------------+----------+-----
Axes           | 2 |  2.5
Armour         | 2 |  2.0
Invocations    | 3 |  3.0
Fighting       | |  3.6
Dodging        | |  0.8
Shields        | |  0.1

Action                   || total
-------------------------++-------
Melee: Hand axe          ||    83
Armor: Leather armour    ||    17
Dodge: Dodged            ||    44
Block: Other             ||     8

Table legend: (Time is in decaauts)
 A = Elapsed time spent in this place.
 B = Non-inter-level travel time spent in this place.
 C = Inter-level travel time spent in this place.
 D = Time resting spent in this place.
 E = Time spent auto-exploring this place.
 F = Levels seen in this place.
 G = Mean time per level.
                   A        B        C        D        E       F      G
               +--------+--------+--------+--------+--------+-----+--------+
         Total |   1620 |   1590 |     30 |    144 |   1229 |   3 |  540.0 |
       Dungeon |   1591 |   1561 |     30 |    144 |   1217 |   2 |  795.5 |
         Abyss |     29 |     29 |      0 |      0 |     12 |   1 |   29.0 |
               +--------+--------+--------+--------+--------+-----+--------+

Top non-repeatable levels by time:
     D:1: 1580 daAuts
 Abyss:1: 29 daAuts
     D:2: 10 daAuts
